 Dungeon Crawl Stone Soup version 0.31-a0-702-gf82c85558f (webtiles) character file.

Game seed: 15810318097219332926

3860 qw the Skirmisher (level 10, -18/64 HPs)
             Began as a Gargoyle Hunter on Sept 7, 2023.
             Killed from afar by an acid dragon (20 damage)
             ... with a splash of acid
             ... on level 9 of the Dungeon.
             The game lasted 00:03:48 (8237 turns).

qw the Skirmisher (Gargoyle Hunter)                 Turns: 8237, Time: 00:03:48

Health: -18/64     AC: 19    Str: 15    XL:     10   Next: 18%
Magic:  10/10      EV: 13    Int: 13    God:
Gold:   444        SH:  5    Dex: 17    Spells: 9/9 levels left

rFire   + . .        Y - +0 orcbow
rCold   + . .        (shield currently unavailable)
rNeg    + . .        d - +0 steam dragon scales
rPois   inf          l - +0 helmet
rElec   +            (no cloak)
rCorr   .            c - +0 pair of gloves
SInv    +            a - +3 pair of boots of the Teacher {Int+3}
Will    .....        r - amulet of reflection
Stlth   ++           f - ring of see invisible
HPRegen 0.30/turn    k - ring of protection from cold
MPRegen 0.12/turn

%: reflection
@: no status effects
A: sickness immunity, AC +7, negative energy resistance 1, electricity
resistance, torment resistance 1, petrification resistance, hooves 1, fire
resistance 1, screaming 1, wild magic 1
a: no special abilities


You were on level 9 of the Dungeon.
You visited 2 branches of the dungeon, and saw 10 of its levels.
You also visited: Sewer.

You collected 444 gold pieces.


Innate Abilities, Weirdness & Mutations

You are immune to sickness and miasma.
Your stone body is resilient. (AC +7)
You are immune to poison.
You resist negative energy. (rN+)
You are resistant to electric shocks. (rElec)
You are resistant to unholy torment.
You are immune to petrification.
You have large cloven feet.
Your flesh is heat resistant. (rF+)
You occasionally shout uncontrollably at your foes.
Your spells are a little harder to cast, but a little more powerful.


   Skills:
 - Level 8.1 Fighting
 + Level 11.9 Ranged Weapons
 - Level 4.2 Armour
 - Level 3.2 Dodging
 - Level 1.1 Stealth


You had 9 spell levels left.
You didn't know any spells.
Your spell library was empty.

Inventory:

Hand Weapons
 Y - a +0 orcbow (weapon)
Armour
 a - the +3 pair of boots of the Teacher (worn) {Int+3}
   (You acquired it on level 2 of the Dungeon)

   Int+3:     It affects your intelligence (+3).
 c - a +0 pair of gloves (worn)
 d - +0 steam dragon scales (worn)
 i - a +2 robe of cold resistance
 l - a +0 helmet (worn)
 n - a +1 ring mail of fire resistance
Jewellery
 f - a ring of see invisible (left hand)
 k - a ring of protection from cold (right hand)
 p - a +6 ring of strength
 r - an amulet of reflection (around neck)
Scrolls
 h - 3 scrolls of identify
Potions
 b - 3 potions of curing
 e - a potion of enlightenment
 g - a potion of haste
 j - 2 potions of might
 m - 2 potions of lignification {unknown}
 o - 4 potions of mutation

Dungeon Overview and Level Annotations

Branches:
Dungeon (9/15)             Temple (1/1) D:6            Lair (0/5) D:8
  Sewer (visited)
    Orc: D:9-12

Altars:
Cheibriados
Dithmenos
Elyvilon
Fedhas
Hepliaklqana
Makhleb
Nemelex Xobeh
Qazlal
Ru
Sif Muna
Trog
Uskayaw
Vehumet
Wu Jian
Xom
Yredelemnul
Zin
The Shining One

Annotations:
D:7 1 runed translucent door, qw's ghost, novice MiHs


Message History

The wight misses you.
The centaur zombie hits you but does no damage.
You block the centaur zombie's attack.
A killer bee comes into view.
The unseen horror zombie misses you.
You shoot an arrow.
The arrow hits the unseen horror zombie!
The unseen horror zombie is almost destroyed.
The unseen horror zombie hits you but does no damage.
The centaur zombie hits you.
The centaur zombie kicks you but does no damage.
The unseen horror zombie hits you but does no damage.
The acid dragon bites you but does no damage.
You block the acid dragon's attack. The wight barely misses you.
The centaur zombie hits you but does no damage.
The centaur zombie kicks you but does no damage.
You shoot an arrow.
The arrow barely misses the unseen horror zombie.
The unseen horror zombie hits you but does no damage.
The unseen horror zombie hits you. The acid dragon bites you!
The acid dragon claws you but does no damage.
You block the wight's attack.
The unseen horror zombie hits you but does no damage.
The centaur zombie misses you. You block the centaur zombie's attack.
You shoot an arrow.
The arrow hits the unseen horror zombie.
You destroy the unseen horror zombie!
You block the acid dragon's attack. The acid dragon misses you.
The wight barely misses you. The centaur zombie barely misses you.
You block the centaur zombie's attack.
You shoot an arrow.
The arrow hits the acid dragon but does no damage.
The centaur zombie barely misses you. The centaur zombie closely misses you.
You block the acid dragon's attack. The acid dragon closely misses you.
The wight misses you.
You shoot an arrow.
The arrow barely misses the acid dragon.
The acid dragon spits acid at you. The splash of acid hits you!!
You die...

.....................<.
........................
.......)................
.....<..................
........................
........................
........................
...............y........
..............Zz@.?.....
..........##...D........
......#....#....#.......
...#..........###.....
.............# ...#.
.#........... >#..
.###..... # . #....


You could see an acid dragon (catching breath), a killer bee, a wight and a
centaur zombie.

Vanquished Creatures
  An unseen horror zombie (D:9)
  Psyche (D:8)
  A hornet (D:7)
  A wyvern (D:8)
  A steam dragon (D:8)
  2 water moccasins
  An orc warrior (D:8)
  3 sky beasts
  3 ice beasts
  6 centaurs
  A phantom (D:4)
  2 kobold brigands
  3 bullfrogs
  A scorpion (D:6)
  A wight (D:9)
  3 howler monkeys
  2 gnoll boudas
  3 hounds (D:5)
  2 jellies
  An orc priest (D:5)
  Terence (D:3)
  2 iguanas
  7 orc wizards
  A howler monkey zombie (D:9)
  14 adders
  8 gnolls
  3 river rats (Sewer)
  2 shadow imps
  2 white imps
  2 ufetubi
  4 worms
  2 dart slugs
  30 orcs
  2 endoplasms
  3 giant cockroaches
  4 goblins
  6 hobgoblins
  13 kobolds
  5 quokkas (D:2)
  12 ball pythons
  6 bats
  3 frilled lizards
  34 rats
205 creatures vanquished.

Notes
Turn   | Place    | Note
-------+----------+-------------------------------------------
     0 | D:1      | qw the Gargoyle Hunter began the quest for the Orb.
     0 | D:1      | Reached XP level 1. HP: 12/12 MP: 1/1
     0 | D:1      | 0 ||| qw: Version: 0.3-a-76-g4403597
     0 | D:1      | 0 ||| qw: Game counter: 807
     0 | D:1      | 0 ||| qw: Melee chars always use a shield: true
     0 | D:1      | 0 ||| qw: God list: Okawaru
     0 | D:1      | 0 ||| qw: Allow faded altars: false
     0 | D:1      | 0 ||| qw: Do Orc after clearing Dungeon:15 true
     0 | D:1      | 0 ||| qw: Do second Lair branch before Depths: true
     0 | D:1      | 0 ||| qw: Lair rune preference: random
     0 | D:1      | 0 ||| qw: Goals: Normal
     0 | D:1      | 0 ||| PLANNING D:1-11
    72 | D:1      | Reached XP level 2. HP: 17/17 MP: 2/2
   933 | D:1      | 933 ||| UPGRADING to +0 ring mail.
   943 | D:1      | 943 ||| DROPPING +0 leather armour.
   944 | D:1      | 944 ||| READING scroll labelled NEUSUDDENOU.
   945 | D:1      | 945 ||| READING scroll labelled XOCVEU JEMA.
   946 | D:1      | 946 ||| READING 2 scrolls labelled MEATHRA KUNAC.
   947 | D:1      | 947 ||| READING scroll labelled MAPTAGOVOA.
   948 | D:1      | 948 ||| DRINKING 2 black potions.
   949 | D:1      | 949 ||| DROPPING scroll of butterflies.
   982 | D:2      | Reached skill level 1 in Armour
   982 | D:2      | Reached XP level 3. HP: 21/21 MP: 3/3
  1152 | D:2      | Reached skill level 5 in Ranged Weapons
  1532 | D:2      | Reached XP level 4. HP: 27/27 MP: 4/4
  1585 | D:2      | Reached skill level 3 in Fighting
  1838 | D:2      | 1838 ||| UPGRADING to +0 helmet.
  1843 | D:2      | 1843 ||| UPGRADING to +6 ring of strength.
  1844 | D:2      | 1844 ||| UPGRADING to ring of protection from cold.
  1845 | D:2      | 1845 ||| READING scroll labelled HUOMAWNAIL.
  1846 | D:2      | 1846 ||| READING scroll labelled HIALUV WARE.
  1846 | D:2      | Identified a scroll of acquirement
  1846 | D:2      | 1846 ||| ACQUIRING +3 pair of boots of the Teacher {Int+3}
  1846 | D:2      | Acquired the +3 pair of boots of the Teacher {Int+3}
  1848 | D:2      | 1848 ||| UPGRADING to +3 pair of boots of the Teacher
                  | {Int+3}.
  1853 | D:2      | 1853 ||| DRINKING 3 sedimented ruby potions.
  1854 | D:2      | 1854 ||| DRINKING 2 fizzy dark potions.
  1855 | D:2      | 1855 ||| READING 3 scrolls of identify.
  1855 | D:2      | 1855 ||| IDENTIFYING sapphire potion
  1856 | D:2      | 1856 ||| READING 2 scrolls of identify.
  1856 | D:2      | 1856 ||| IDENTIFYING dark potion
  1857 | D:2      | 1857 ||| DROPPING potion of brilliance.
  1858 | D:2      | 1858 ||| DROPPING potion of berserk rage.
  1954 | D:3      | Noticed an ice beast
  1970 | D:3      | HP: 5/28 [ice beast (6)]
  1976 | D:3      | Killed an ice beast
  1977 | D:3      | Reached skill level 6 in Ranged Weapons
  1977 | D:3      | Reached XP level 5. HP: 7/32 MP: 5/5
  1977 | D:3      | 1977 ||| FLEEEEING.
  1978 | D:3      | 1978 ||| FLEEEEING.
  1979 | D:3      | 1979 ||| FLEEEEING.
  1980 | D:3      | 1980 ||| STAIRDANCE
  2139 | D:3      | Found a white marble altar of Elyvilon.
  2210 | D:3      | Found a snail-covered altar of Cheibriados.
  2224 | D:3      | Found a stormy altar of Qazlal.
  2484 | D:3      | Noticed Terence
  2495 | D:3      | Killed Terence
  2689 | D:3      | 2689 ||| UPGRADING to amulet of the acrobat.
  2716 | D:4      | 2716 ||| STAIRDANCE
  2724 | D:4      | 2724 ||| STAIRDANCE
  2728 | D:3      | Reached XP level 6. HP: 37/38 MP: 6/6
  2767 | D:4      | 2767 ||| STAIRDANCE
  2977 | D:4      | Reached skill level 7 in Ranged Weapons
  3238 | D:4      | 3238 ||| READING scroll labelled DEOSELI JIPHOI.
  3239 | D:4      | 3239 ||| READING scroll labelled XOARRE YPROGA.
  3268 | D:4      | 3268 ||| READING 3 scrolls labelled ELECUCENOA.
  3271 | D:4      | 3271 ||| READING scroll labelled XODOUR XYGG.
  3272 | D:4      | 3272 ||| READING 4 scrolls of identify.
  3272 | D:4      | 3272 ||| IDENTIFYING glowing golden potion
  3273 | D:4      | 3273 ||| DROPPING potion of ambrosia.
  3283 | D:5      | Entered Level 5 of the Dungeon
  3284 | D:5      | 3284 ||| PLANNING SEWER
  3290 | D:5      | Reached XP level 7. HP: 43/43 MP: 7/7
  3334 | D:5      | Found a glowing drain.
  3353 | Sewer    | Entered a sewer
  3366 | Sewer    | 3366 ||| Stepping ~*~*~tactically~*~*~ (water).
  3647 | Sewer    | 3647 ||| Stepping ~*~*~tactically~*~*~ (water).
  3651 | Sewer    | 3651 ||| RETREATING.
  3652 | Sewer    | 3652 ||| Stepping ~*~*~tactically~*~*~ (water).
  3669 | Sewer    | HP: 10/43 [bullfrog (1)]
  3670 | Sewer    | 3670 ||| READING 3 scrolls of teleportation.
  3854 | Sewer    | 3854 ||| READING scroll labelled KYTELO HAEGU.
  3855 | Sewer    | 3855 ||| READING scroll labelled DUFEAB YHUMEI.
  3856 | Sewer    | 3856 ||| READING scroll labelled LUKLOA LIOL.
  3857 | Sewer    | 3857 ||| DRINKING 2 blue potions.
  3858 | Sewer    | 3858 ||| DRINKING 3 smoky green potions.
  3858 | Sewer    | Gained mutation: Your flesh is heat resistant. (rF+)
                  | [potion of mutation]
  3858 | Sewer    | Gained mutation: Your spells are a little harder to cast,
                  | but a little more powerful. [potion of mutation]
  3858 | Sewer    | Gained mutation: You occasionally shout uncontrollably at
                  | your foes. [potion of mutation]
  3858 | Sewer    | Gained mutation: You have large cloven feet. [potion of
                  | mutation]
  3859 | Sewer    | 3859 ||| READING 3 scrolls of identify.
  3859 | Sewer    | 3859 ||| IDENTIFYING fuming brown potion
  3860 | Sewer    | 3860 ||| DROPPING potion of invisibility.
  3864 | D:5      | 3864 ||| PLANNING D:1-11
  3975 | D:5      | Reached skill level 8 in Ranged Weapons
  4288 | D:5      | Reached XP level 8. HP: 49/49 MP: 8/8
  4835 | D:6      | Found a staircase to the Ecumenical Temple.
  4836 | D:6      | 4836 ||| PLANNING TEMPLE
  4953 | Temple   | Entered the Ecumenical Temple
  4954 | Temple   | 4954 ||| PLANNING D:1-11
  5354 | D:6      | Reached skill level 9 in Ranged Weapons
  5354 | D:6      | 5354 ||| FLEEEEING.
  5355 | D:6      | 5355 ||| FLEEEEING.
  5356 | D:6      | 5356 ||| FLEEEEING.
  5357 | D:6      | 5357 ||| FLEEEEING.
  5360 | D:6      | 5360 ||| FLEEEEING.
  5361 | D:6      | 5361 ||| FLEEEEING.
  5362 | D:6      | 5362 ||| FLEEEEING.
  5363 | D:6      | 5363 ||| FLEEEEING.
  5364 | D:6      | 5364 ||| FLEEEEING.
  5365 | D:6      | 5365 ||| FLEEEEING.
  5368 | D:6      | 5368 ||| FLEEEEING.
  5369 | D:6      | 5369 ||| FLEEEEING.
  5370 | D:6      | 5370 ||| FLEEEEING.
  5371 | D:6      | 5371 ||| FLEEEEING.
  5453 | D:6      | 5453 ||| SWAPPING to +0 orcbow.
  5454 | D:6      | 5454 ||| DROPPING +0 shortbow of freezing.
  5473 | D:6      | Reached skill level 6 in Fighting
  5752 | D:6      | 5752 ||| UPGRADING to amulet of reflection.
  5762 | D:6      | 5762 ||| DROPPING amulet of the acrobat.
  5763 | D:6      | 5763 ||| UPGRADING to ring of see invisible.
  5765 | D:6      | 5765 ||| READING scroll labelled MULYDU PEEMIX.
  5766 | D:6      | 5766 ||| READING 4 scrolls of identify.
  5766 | D:6      | 5766 ||| IDENTIFYING bubbling blue potion
  5767 | D:6      | 5767 ||| DROPPING potion of attraction.
  5821 | D:7      | 5821 ||| Stepping ~*~*~tactically~*~*~ (outnumbered).
  5914 | D:7      | Found a blossoming altar of Fedhas.
  5940 | D:7      | Reached skill level 10 in Ranged Weapons
  6037 | D:7      | Noticed a hornet
  6058 | D:7      | HP: 12/51 [hornet (2)]
  6059 | D:7      | 6059 ||| READING 4 scrolls of teleportation.
  6060 | D:7      | 6060 ||| DRINKING potion of heal wounds.
  6061 | D:7      | Killed a hornet
  6062 | D:7      | Reached XP level 9. HP: 34/55 MP: 9/9
  6154 | D:7      | 6154 ||| DRINKING 3 potions of curing.
  6154 | D:7      | 6154 ||| (to cure confusion)
  6180 | D:7      | Found a runed translucent door.
  6181 | D:7      | Noticed qw's ghost (novice MiHs)
  6593 | D:7      | 6593 ||| UPGRADING to +0 pair of gloves.
  6632 | D:8      | Found a sparkling altar of Nemelex Xobeh.
  6652 | D:8      | Found a staircase to the Lair.
  6712 | D:8      | HP: 14/57 [orc warrior/+0 halberd (10)]
  6713 | D:8      | 6713 ||| READING 3 scrolls of teleportation.
  6718 | D:8      | 6718 ||| READING 2 scrolls of teleportation.
  6719 | D:8      | HP: 7/57 [kobold/+0 short sword (3)]
  7004 | D:8      | Found an ornate altar of the Wu Jian Council.
  7262 | D:8      | Reached skill level 11 in Ranged Weapons
  7407 | D:8      | 7407 ||| DRINKING 3 potions of curing.
  7407 | D:8      | 7407 ||| (to cure confusion)
  7410 | D:8      | Reached skill level 3 in Dodging
  7568 | D:8      | 7568 ||| UPGRADING to +0 steam dragon scales.
  7578 | D:8      | 7578 ||| DROPPING +0 ring mail.
  7579 | D:8      | 7579 ||| READING 4 scrolls of identify.
  7579 | D:8      | 7579 ||| IDENTIFYING ruby potion
  7626 | D:9      | Noticed Psyche
  7631 | D:9      | 7631 ||| STAIRDANCE
  7633 | D:8      | Paralysed by Psyche for 4 turns
  7644 | D:8      | Paralysed by Psyche for 2 turns
  7650 | D:8      | Killed Psyche
  7676 | D:9      | 7676 ||| STAIRDANCE
  7709 | D:9      | Noticed a kobold demonologist
  7710 | D:9      | 7710 ||| STAIRDANCE
  7716 | D:9      | 7716 ||| STAIRDANCE
  7724 | D:8      | Noticed a rust devil
  7724 | D:8      | 7724 ||| Stepping ~*~*~tactically~*~*~ (retreating).
  7725 | D:8      | 7725 ||| Stepping ~*~*~tactically~*~*~ (retreating).
  7726 | D:8      | 7726 ||| RETREATING.
  7739 | D:8      | Noticed a rust devil
  7751 | D:8      | 7751 ||| READING scroll of teleportation.
  7911 | D:9      | Reached XP level 10. HP: 40/64 MP: 10/10
  7919 | D:9      | HP: 16/64 [centaur/arrow (4)]
  8230 | D:9      | HP: 15/64 [acid dragon (2)]
  8234 | D:9      | HP: 1/64 [acid dragon (10)]
  8237 | D:9      | Killed from afar by an acid dragon

Levels and vault maps discovered:
D:1:      tarquinn_simple_flora_water_e, layout_loops_corners, serial_forest,
          infiniplex_forest_3_way, infiniplex_forest_clump_tiny,
          infiniplex_forest_lined_2, infiniplex_forest_straight_2,
          infiniplex_forest_clump_curved, infiniplex_forest_clump_small,
          infiniplex_forest_end_double, infiniplex_forest_clump_double,
          infiniplex_forest_straight_3, corexii_hall_statues_u,
          minmay_pentomino_o2
D:2:      layout_loops_corners, kennysheep_generic_room_10
D:3:      layout_loops_ring, mainiacjoe_overflow_large_starburst,
          elyvilon_altar_1, grunt_ministairs_6, uniq_terence
D:4:      layout_rooms
D:5:      layout_basic, portal_sewer_entry_b
D:6:      layout_basic, minmay_temple_entry_glass
D:7:      layout_loops_cross, fedhas_altar_1, ebering_ghost_reflecting_pool,
          kennysheep_generic_room_9
D:8:      layout_basic, mainiacjoe_overflow_concentric_impassable,
          nzn_wu_jian_council_hall, lair_entry_dummy, st_stairs_4
D:9:      layout_cross, nicolae_gozag_cash_rules_everything_around_me,
          mainiacjoe_overflow_brackets, kiku_gazebo_pond_becter, serial_undead,
          serial_undead_a, serial_undead_b, serial_undead_e, serial_undead_b,
          serial_undead_b, minmay_radiant, uniq_erolcha, uniq_jeremiah,
          uniq_psyche, uniq_gastronok
Temple:   nicolae_temple_godzebo

Skill      XL: |  1  2  3  4  5  6  7  8  9 |
---------------+----------------------------+-----
Armour         | 1 2 4 |  4.2
Ranged Weapons | 5 6 7 8 10 11 | 11.9
Fighting       | 3 4 5 6 8 |  8.1
Dodging        | 2 3 |  3.2
Stealth        | |  1.1

Action                     |  1- 3 |  4- 6 |  7- 9 | 10-12 || total
---------------------------+-------+-------+-------+-------++-------
   Fire: Shortbow          |    98 |   178 |   334 |       ||   610
         Orcbow            |       |       |   327 |    41 ||   368
    Use: Scroll            |     4 |     9 |    12 |       ||    25
         Potion            |     1 |     2 |     5 |       ||     8
 Armour: Leather armour    |     8 |       |       |       ||     8
         Ring mail         |     4 |    82 |   359 |       ||   445
         Steam dragon scal |       |       |    38 |    61 ||    99
  Dodge: Dodged            |    11 |    80 |   309 |    58 ||   458
  Block: Other             |       |       |    51 |    17 ||    68
         Reflection        |       |       |     7 |     3 ||    10

Table legend:
 A = Non-vault XP
 B = Vault XP
 C = Vault XP percentage of total XP
 D = Non-vault monster count
 E = Vault monster count
 F = Vault count percentage of total count
                 A         B        C        D         E       F
            +---------+---------+-------+---------+---------+-------
      Total |    3938 |    1577 |  28.6 |     143 |      62 |  30.2
            +---------+---------+-------+---------+---------+-------
        D:1 |      27 |       0 |   0.0 |      17 |       0 |   0.0
        D:2 |      65 |      13 |  16.7 |      22 |       1 |   4.3
        D:3 |     179 |      38 |  17.5 |      12 |       2 |  14.3
        D:4 |     256 |       0 |   0.0 |      11 |       0 |   0.0
        D:5 |     378 |      10 |   2.6 |      20 |       5 |  20.0
        D:6 |     671 |       0 |   0.0 |      15 |       0 |   0.0
        D:7 |     835 |     187 |  18.3 |      19 |       2 |   9.5
        D:8 |     963 |     607 |  38.7 |      20 |       3 |  13.0
        D:9 |     564 |     470 |  45.5 |       7 |       3 |  30.0
      Sewer |       0 |     252 | 100.0 |       0 |      46 | 100.0
            +---------+---------+-------+---------+---------+-------
